 Dungeon Crawl Stone Soup version 0.21.1-1-g345015fe64 (webtiles) character file.

112 Peloso the Covered (level 4, -2/41 HPs)
             Began as a Minotaur Fighter on Feb 18, 2018.
             Killed from afar by a white imp (8 damage)
             ... with a puff of frost
             ... summoned by Natasha
             ... on level 2 of the Dungeon.
             The game lasted 00:03:54 (1412 turns).

Peloso the Covered (Minotaur Fighter)               Turns: 1412, Time: 00:03:54

Health: -2/41      AC:  9    Str: 18 (21) XL:     4   Next: 63%
Magic:  3/3        EV:  7    Int:  3 (5)  God:
Gold:   74         SH:  9    Dex:  7 (10) Spells: 3/3 levels left

rFire    . . .     SeeInvis .   a - +0 long sword
rCold    . . .     Gourm    .   c - +0 shield
rNeg     . . .     Faith    .   b - +0 scale mail
rPois    .         Spirit   .   (helmet restricted)
rElec    .         Reflect  .   (no cloak)
rCorr    .         Harm     .   (no gloves)
MR       .....     Rnd*Rage +   (no boots)
Stlth    ..........             (no amulet)
HPRegen  0.13/turn              (no ring)
MPRegen  0.08/turn              (no ring)

@: lethally poisoned (-2 -> -3), hasted and slowed
A: retaliatory headbutt, horns 2, slimy green scales 1, berserk 1, deterioration
1
a: no special abilities


You were on level 2 of the Dungeon.
You were not hungry.

You visited 1 branch of the dungeon, and saw 2 of its levels.

You collected 74 gold pieces.

Inventory:

Hand Weapons
 a - a +0 long sword (weapon)
Armour
 b - a +0 scale mail (worn)
 c - a +0 shield (worn)
Scrolls
 g - 2 scrolls of remove curse {unknown}
 h - a scroll of magic mapping {unknown}
 i - a scroll of fog {unknown}
Potions
 d - a potion of might
Comestibles
 f - 6 rations


   Skills:
 + Level 4.5 Fighting
 + Level 3.5 Long Blades
 + Level 4.7 Armour
 + Level 0.1 Dodging
 + Level 0.6 Stealth
 + Level 4.1 Shields


You had 3 spell levels left.
You didn't know any spells.

Dungeon Overview and Level Annotations

Branches:
Dungeon (2/15)

Altars:

Annotations:
D:2 Natasha


Innate Abilities, Weirdness & Mutations

You reflexively headbutt those who attack you in melee.
You have a pair of horns on your head.
You are partially covered in slimy green scales. (AC +2)
You tend to lose your temper in combat.
Your body sometimes deteriorates upon taking damage.


Message History

The quokka bites you but does no damage.
You block Natasha's attack.
It was a potion of mutation.
You feel extremely strange.
You feel a little pissed off.
You feel yourself wasting away.
Slimy green scales grow over part of your body.
You feel sick. You block the white imp's attack. The quokka closely misses you.
You furiously retaliate!
You headbutt the quokka!
You kill the quokka!
You block Natasha's attack.
It was a potion of haste.
You feel yourself speed up.
The white imp hits you but does no damage.
Natasha stares at you and mumbles some strange words.
You feel yourself slow down.
It was a potion of degeneration.
There was something very wrong with that liquid.
You feel weakened.
You feel dopey.
You feel clumsy. You block the white imp's attack.
Natasha claws you but does no damage. The white imp gestures at you.
The puff of frost hits you!
You die...

P....♣.## .....#.# ...
.. #P...#.# #.# #. #
###P #.# .< ... .. .#
# #.# #.###.# .#..#
#)# #.#.#.#.<..
#.#####.#.#.#..#..#
####.................#
#...######.#.#@#
#...######.#.#.##.#.#
#.............5h<.....
#...######.#.#.##.#.##
#.>.# #..........
#...# ###.#.##.###
#...# #.#.# # #...#
#.#.. #...# ###...


You could see Natasha and a white imp.

Vanquished Creatures
  Natasha (twice) (D:2)
  An adder (D:2)
  A worm (D:2)
  A dart slug (D:1)
  2 leopard geckos (D:1)
  A giant cockroach (D:2)
  4 hobgoblins
  13 jackals
  6 kobolds
  A quokka (D:2)
  A ball python (D:2)
  2 bats
  5 frilled lizards
  3 goblins (D:1)
  2 rats (D:1)
45 creatures vanquished.

Notes
Turn   | Place    | Note
-------+----------+-------------------------------------------
     0 | D:1      | Peloso the Minotaur Fighter began the quest for the Orb.
     0 | D:1      | Reached XP level 1. HP: 19/19 MP: 0/0
   179 | D:1      | Reached XP level 2. HP: 21/27 MP: 1/1
   485 | D:1      | Reached XP level 3. HP: 23/33 MP: 2/2
  1044 | D:2      | Noticed Natasha
  1051 | D:2      | Killed Natasha
  1051 | D:2      | Reached XP level 4. HP: 10/41 MP: 3/3
  1134 | D:2      | Noticed Natasha
  1147 | D:2      | Killed Natasha
  1395 | D:2      | Noticed Natasha
  1409 | D:2      | Gained mutation: You tend to lose your temper in combat. [potion of mutation]
  1409 | D:2      | Gained mutation: Your body sometimes deteriorates upon taking damage. [potion of mutation]
  1409 | D:2      | Gained mutation: You are partially covered in slimy green scales. (AC +2) [potion of mutation]
  1412 | D:2      | Killed from afar by a white imp

Skill      XL: |  1  2  3 |
---------------+----------+-----
Long Blades    | 3 |  3.5
Shields        | 4 |  4.1
Fighting       | 4 |  4.5
Armour         | 4 |  4.7
Dodging        | |  0.1
Stealth        | |  0.6

Action                   |  1- 3 |  4- 6 || total
-------------------------+-------+-------++-------
Melee: Long sword        |   109 |    27 ||   136
       Headbutt          |    12 |     3 ||    15
  Use: Potion            |       |     3 ||     3
  Eat: Chunk             |       |     2 ||     2
Armor: Scale mail        |    64 |    17 ||    81
Dodge: Dodged            |    34 |     9 ||    43
Block: Shield            |    60 |    24 ||    84
       Rpst.: Long sword |    10 |     5 ||    15
